Map: Яганната РВ

Players

EnigmA

  • Race: Protoss Protoss
  • League: Grandmaster
  • Spawn Location: 7:00

GeNieS - Winner!

  • Race: Protoss Protoss
  • League: Grandmaster
  • Spawn Location: 1:00

VOD

Have the link to the VOD?

Description

Time

  • Played on: Jan. 14, 2021, 9:12 a.m.
  • Length: 7:21
Show
View Real Time Build Order
Export as new Build Order

EnigmA Protoss 

Build Orders:  

Get SALT Encoding   

  12  0:00  Probe  
  13  0:12  Probe  
  14  0:17  Pylon  
  14  0:24  Probe (Chrono Boost)  
  16  0:37  Probe (Chrono Boost)  
  16  0:38  Gateway  
  16  0:42  Probe (Chrono Boost)  
  16  0:48  Assimilator  
  17  0:51  Probe  
  18  0:58  Assimilator  
  18  1:03  Probe (Chrono Boost)  
  19  1:15  Probe (Chrono Boost), Gateway  
  20  1:20  Probe (Chrono Boost)  
  21  1:26  Cybernetics Core  
  21  1:36  Pylon  
  21  1:37  Probe  
  22  1:49  Probe  
  23  1:56  Pylon  
  23  2:01  Probe  
  24  2:05  Stalker  
  24  2:07  Sentry  
  24  2:08  Warp Gate  
  28  2:15  Pylon  
  28  2:29  Probe  
  29  2:34  Sentry  
  29  2:35  Stalker  
  33  2:53  Nexus  
  33  3:01  Shield Battery  
  33  3:04  Probe  
  34  3:11  Sentry  
  36  3:16  Probe (Chrono Boost), Pylon  
  37  3:28  Probe (Chrono Boost)  
  37  3:32  Robotics Facility  
  38  3:36  Probe (Chrono Boost)  
  39  3:42  Probe  
  39  3:43  Pylon  
  39  3:47  Pylon  
  40  3:57  Sentry  
  40  3:58  Stalker  
  40  4:01  Probe  
  45  4:07  Probe  
  46  4:13  Probe  
  47  4:19  Probe  
  47  4:21  Observer  
  48  4:25  Probe  
  48  4:31  Stalker x2  
  49  4:33  Probe  
  49  4:37  Probe  
  53  4:44  Shield Battery  
  54  4:47  Pylon  
  54  4:48  Immortal (Chrono Boost)  
  54  4:49  Probe  
  58  4:55  Sentry  
  58  4:56  Probe  
  61  5:00  Pylon  
  61  5:06  Probe  
  62  5:07  Pylon  
  62  5:08  Assimilator  
  62  5:10  Assimilator  
  62  5:11  Probe  
  63  5:18  Twilight Council  
  63  5:22  Probe  
  63  5:26  Probe  
  63  5:27  Forge  
  65  5:34  Probe  
  66  5:37  Immortal (Chrono Boost)  
  66  5:39  Probe  
  71  5:47  Probe  
  72  5:55  Stalker x2  
  66  6:06  Immortal (Chrono Boost)  
  60  6:13  Probe x2  
  61  6:24  Sentry, Stalker  
  66  6:25  Probe  
  66  6:27  Probe  
  66  6:28  Shield Battery  
  63  6:39  Immortal (Chrono Boost), Observer  
  52  6:52  Stalker x2  
  52  6:53  Probe  
  52  6:54  Probe  
  54  7:05  Probe  
  54  7:06  Probe  
Show
View Real Time Build Order
Export as new Build Order

GeNieS Protoss - Winner!

Build Orders: Blink Stalkers, Dark Templar Rush 

Get SALT Encoding   

  12  0:00  Probe  
  13  0:12  Probe  
  14  0:17  Pylon  
  14  0:24  Probe (Chrono Boost)  
  16  0:37  Probe (Chrono Boost)  
  16  0:38  Gateway  
  16  0:42  Probe (Chrono Boost)  
  16  0:46  Assimilator  
  17  0:51  Probe  
  17  0:55  Assimilator  
  18  1:04  Probe (Chrono Boost)  
  19  1:07  Gateway  
  19  1:13  Probe (Chrono Boost)  
  20  1:18  Probe (Chrono Boost)  
  21  1:27  Cybernetics Core  
  21  1:31  Probe  
  22  1:43  Probe, Pylon  
  23  1:53  Pylon  
  23  2:05  Stalker x2  
  23  2:06  Warp Gate  
  27  2:16  Twilight Council  
  27  2:35  Stalker x2  
  31  2:52  Dark Shrine  
  31  2:55  Pylon  
  31  3:05  Shield Battery  
  31  3:13  Gateway  
  31  3:19  Stalker x2  
  35  3:41  Nexus  
  35  3:54  Blink (Chrono Boost)  
  35  3:58  Stalker x2  
  39  4:07  Pylon  
  37  4:42  Stalker x3  
  44  4:45  Probe  
  44  4:53  Probe  
  44  4:57  Probe  
  46  5:05  Probe  
  47  5:07  Stalker x2  
  47  5:08  Stalker  
  47  5:09  Probe  
  54  5:17  Probe  
  55  5:22  Pylon  
  56  5:33  Stalker x2  
  56  5:35  Stalker  
  61  5:40  Probe x2 (Chrono Boost)  
  65  5:51  Probe x2 (Chrono Boost)  
  61  6:02  Probe  
  58  6:09  Probe  
  59  6:13  Stalker x3  
  59  6:14  Probe  
  66  6:21  Probe  
  67  6:27  Probe  
  66  6:33  Probe  
  66  6:39  Probe  
  64  6:43  Stalker x3  
  68  6:48  Probe  
  67  6:54  Probe  
  67  6:56  Assimilator  
  67  6:59  Assimilator  
  68  7:08  Nexus  
  68  7:09  Pylon  
  68  7:10  Pylon  
Tags
 
Add a new tag
Caveats
  • Supply blocks, unpowered buildings, or Contaminate may cause inaccurate times.
  • Supply counts are checked every 10 seconds.